 Dungeon Crawl Stone Soup version 0.32-a0-361-g289a535e89 (webtiles) character file.

Game seed: 16813959522637674834

108855 ytrimaz the Spry (level 16, -9/126 HPs)
             Began as a Coglin Gladiator on Feb 19, 2024.
             Was the Champion of Okawaru.
             Killed from afar by an air elemental (10 damage)
             ... with a stunning burst
             ... while paralysed by an air elemental
             ... on level 1 of the Elven Halls.
             The game lasted 00:33:10 (19773 turns).

ytrimaz the Spry (Coglin Gladiator)                Turns: 19773, Time: 00:33:11

Health: -9/126     AC: 32    Str: 17    XL:     16   Next: 50%
Magic:  21/21      EV:  2    Int:  7    God:    Okawaru [******]
Gold:   922        SH:  0    Dex: 27    Spells: 15/15 levels left

rFire   + . .        e - +9 demon blade "Xupext" {drain, Dex+2}
rCold   + . .        s - +8 double sword (holy) {Aylmer}
rNeg    + . .        Q - +8 chain mail of Honesty {rPois Dex-3 Stlth+}
rPois   +            U - +4 hat of Limited Liability {rF+ Dex+3}
rElec   .            A - scarf {repulsion}
rCorr   .            c - +2 pair of gloves {Dex+3}
SInv    .            O - +2 pair of boots {rampage}
Will    ++...        f - amulet of regeneration
Stlth   +            m - +4 ring of protection
HPRegen 1.21/turn    a - ring of Dimma {rC+ rN+ Will+}
MPRegen 0.17/turn

%: repel missiles, rampage
@: paralysed, lethally poisoned (-9 -> -9), revved, stiff-legged, very slow
A: off-hand wielding, slow wielding, warmup strikes, warmup strides
a: Renounce Religion, Heroism, Finesse, Duel


You were on level 1 of the Elven Halls.
You worshipped Okawaru.
Okawaru was exalted by your worship.
You visited 5 branches of the dungeon, and saw 24 of its levels.
You visited the Abyss 1 time.
You visited 1 bazaar.
You also visited: Ice Cave.

You collected 2590 gold pieces.
You spent 1668 gold pieces at shops.


Innate Abilities, Weirdness & Mutations

You can wield a second weapon in your off-hand.
It takes a long time for you to wield or remove held weapons.
Your first few attacks do less damage.
Your first movements take longer.


   Skills:
 + Level 11.4 Fighting
 - Level 16.0 Long Blades
 - Level 1.7 Throwing
 + Level 4.9 Armour
 + Level 17.1 Dodging
 - Level 7.0 Invocations
 - Level 10.0 Evocations


You had 15 spell levels left.
You didn't know any spells.
Your spell library contained the following spells:

 Spells                   Type           Power      Damage    Failure   Level
 Freeze                   Ice            0%         1d3       99%         1
 Sandblast                Erth           0%         2d4       99%         1
 Blink                    Tloc           0%         N/A       100%        2
 Lesser Beckoning         Tloc           0%         N/A       100%        2
 Momentum Strike          Conj/Tloc      0%         3d8       100%        2
 Frozen Ramparts          Ice            0%         1d1       100%        3
 Hailstorm                Conj/Ice       0%         3d5       100%        3
 Inner Flame              Hex/Fire       0%         N/A       100%        3
 Passwall                 Erth           0%         N/A       100%        3
 Stone Arrow              Conj/Erth      0%         3d7       100%        3
 Brom's Barrelling Bould  Conj/Erth      0%         2d3       100%        4
 Flame Wave               Conj/Fire      0%         2d4       100%        4
 Sticky Flame             Fire/Alch      0%         2d4       100%        4
 Vhi's Electric Charge    Tloc/Air       0%         N/A       100%        4
 Arcjolt                  Conj/Air       0%         1d10      100%        5
 Borgnjor's Vile Clutch   Necr/Erth      0%         N/A       100%        5
 Lee's Rapid Deconstruct  Erth           0%         3d4*      100%        5
 Maxwell's Capacitive Co  Air            0%         โˆž       100%        8
 Animate Armour           Summ/Erth      Unusable   N/A       N/A         4
 Animate Dead             Necr           Unusable   N/A       N/A         4
 Summon Lightning Spire   Summ/Air       Unusable   N/A       N/A         4
 Death Channel            Necr           Unusable   N/A       N/A         6
 Haunt                    Necr/Summ      Unusable   N/A       N/A         7
 Infestation              Necr           Unusable   N/A       N/A         8

Inventory:

Hand Weapons
 e - the +9 demon blade "Xupext" (weapon) {drain, Dex+2}
   (Okawaru gifted it to you in an ice cave)

   Dex+2:     It affects your dexterity (+2).
 s - a +8 double sword of holy wrath (worn) {Aylmer}
   (You acquired it on level 3 of the Dungeon)
 z - a +5 scimitar of flaming {Senakhtenre}
   (You took it off Erica on level 10 of the Dungeon)
 T - a +3 scimitar of flaming {Eideard}
   (You took it off an efreet on level 15 of the Dungeon)
Missiles
 d - 5 throwing nets
Armour
 c - a +2 pair of gloves of dexterity (worn)
   (Okawaru gifted it to you in an ice cave)
 A - a scarf of repulsion (worn)
   (You found it on level 11 of the Dungeon)
 B - the +1 robe of the Candlemaker {Slay+5}
   (You found it on level 6 of the Dungeon)

   Slay+5:    It affects your accuracy & damage with ranged weapons and melee
   (+5).
 O - a +2 pair of boots of rampaging (worn)
   (You found it on level 13 of the Dungeon)
 Q - the +8 chain mail of Honesty (worn) {rPois Dex-3 Stlth+}
   (You bought it in a shop on level 2 of the Orcish Mines)

   Dex-3:     It affects your dexterity (-3).
   rPois:     It protects you from poison Stlth+: It makes you more stealthy.
 R - +0 ice dragon scales
   (You found it in an ice cave)
 U - the +4 hat of Limited Liability (worn) {rF+ Dex+3}
   (You acquired it in a bazaar)

   Dex+3:     It affects your dexterity (+3).
   rF+:       It protects you from fire.
Jewellery
 a - the ring of Dimma (right grasper) {rC+ rN+ Will+}
   (You found it in an ice cave)

   [ring of protection from cold]

   rC+:       It protects you from cold.
   rN+:       It protects you from negative energy.
   Will+:     It increases your willpower.
 f - an amulet of regeneration (around neck)
   (You found it on level 1 of the Dungeon)
 i - a ring of resist corrosion
   (You found it on level 5 of the Lair of Beasts)
 l - a ring of wizardry
   (You found it on level 3 of the Dungeon)
 m - a +4 ring of protection (left grasper)
   (You found it on level 1 of the Dungeon)
 o - a ring of poison resistance
   (You found it on level 1 of the Dungeon)
 C - a +5 ring of evasion
   (You found it on level 5 of the Dungeon)
 D - a ring of flight
   (You found it on level 5 of the Dungeon)
 M - an amulet of guardian spirit
   (You took it off Erica on level 10 of the Dungeon)
 S - a +6 ring of strength
   (You found it on level 12 of the Dungeon)
 W - a ring of protection from fire
   (You found it on level 14 of the Dungeon)
Wands
 p - a wand of flame (13) (quivered)
   (You found it on level 2 of the Dungeon)
 w - a wand of polymorph (9)
   (You found it on level 6 of the Dungeon)
 x - a wand of roots (7)
   (You took it off Ijyb on level 4 of the Dungeon)
 y - a wand of charming (16)
   (You found it on level 5 of the Dungeon)
Scrolls
 h - 4 scrolls of vulnerability
 k - 3 scrolls of teleportation
 n - 2 scrolls of blinking
 r - a scroll of immolation
 t - 2 scrolls of revelation
 v - a scroll of fog
 E - 3 scrolls of torment
 F - 5 scrolls of poison
 L - 2 scrolls of amnesia
 P - a scroll of silence
 V - a scroll of enchant armour
 Z - 16 scrolls of identify
Potions
 b - 3 potions of ambrosia
 g - 5 potions of brilliance
 j - 4 potions of lignification
 q - 2 potions of magic
 u - 3 potions of heal wounds
 G - a potion of enlightenment
 H - 2 potions of curing
 I - a potion of attraction
 J - 2 potions of cancellation
 K - 2 potions of might
 N - 4 potions of haste
 X - a potion of mutation
 Y - 2 potions of resistance

Dungeon Overview and Level Annotations

Branches:
Dungeon (15/15) Zot: 24644  Temple (1/1) D:6 Zot: 5998    Lair (5/5) D:10 Zot: 25827
 Shoals (0/4) Lair:3        Snake (0/4) Lair:3        Slime (0/5) Lair:5
    Orc (2/2) D:10 Zot: 10837     Elf (1/3) Orc:2 Zot: 5827  Vaults (0/5) D:13
 Depths (0/4) D:15          IceCv (visited)

Altars:
Ashenzari
Cheibriados
Dithmenos
Elyvilon
Fedhas
Gozag
Hepliaklqana
Kikubaaqudgha
Makhleb
Nemelex Xobeh
Okawaru
Qazlal
Ru
Sif Muna
Trog
Uskayaw
Vehumet
Wu Jian
Xom
Yredelemnul
Zin
The Shining One
Jiyva

Shops:
D:3 [((*[   D:11 :   Orc:2 [![[

Annotations:
D:3 1 runed translucent door, timneilson's ghost, amateur OpSh
D:5 1 runed translucent door
D:6 2 transporters, 4 runed translucent doors, Triskal's ghost, novice CoFi
D:8 1 runed translucent door
D:10 exclusion: ice statue
D:15 1 runed translucent door, Licat's ghost, journeyman DEHW
Lair:1 3 runed translucent doors, Hsik's ghost, journeyman CoCK

#.## .. # .....####..
#.###..#.....
###.#..........
.....#......
#.###..ยง.# #.......#
. ### ##...E## ... ..#
##....@.##.... #.#
##..##))ยง..e..# #.#
###..####()##..##
#.###....# #)#.:#.#
####.#...##..# ..#$.#
...#.#.#.###......##..
##.#.#.#.# #..##. .##
##..#..#.# #.## #. #
...###.#.# #.# .


You could see a deep elf zephyrmancer and an air elemental.


Message History

The +1 glaive of venom completely misses you.
The +1 glaive of venom hits you.
* * * LOW HITPOINT WARNING * * *
The deep elf pyromancer barely misses you. ๐Ÿ˜จ HP[+21]
You regained 21 hp, and now have 42/125 hp.
Unknown command.
You closely miss the +1 glaive of venom with the +9 demon blade "Xupext".
You slash the +1 glaive of venom with your +8 double sword of holy wrath!
The +1 glaive of venom falls from the air.
Okawaru accepts your kill. Okawaru grants you throwing weapons!
Something appears at your feet!
You feel sick. ๐Ÿ˜จ HP[-1]
You take 1 damage, and now have 41/125 hp.
Unknown command.
You slice the deep elf pyromancer with the +9 demon blade "Xupext"!!
You kill the deep elf pyromancer!
Okawaru accepts your kill.
You feel sick.
The deep elf zephyrmancer gestures at you while chanting.
The bolt of lightning misses you.
The deep elf pyromancer points at you and mumbles some strange words.
The pyre arrow hits you.
You are covered in intense liquid fire!
You hear a shout! ๐Ÿ˜จ HP[-2]
You take 2 damage, and now have 39/125 hp.
You closely miss the deep elf pyromancer with the +9 demon blade "Xupext".
You barely miss the deep elf pyromancer with your +8 double sword of holy wrath.
The liquid fire burns you!
* * * LOW HITPOINT WARNING * * *
You feel sick. ๐Ÿ˜จ HP[-2]
You take 2 damage, and now have 37/125 hp.
Unknown command.
You barely miss the deep elf pyromancer with your +8 double sword of holy wrath.
You slash the deep elf pyromancer with the +9 demon blade "Xupext"!
The liquid fire burns you!
* * * LOW HITPOINT WARNING * * *
You feel sick.
The deep elf pyromancer completely misses you. ๐Ÿ˜จ HP[-3]
You take 3 damage, and now have 34/125 hp.
Unknown command.
Unknown command.
You carve the deep elf pyromancer like a ham with the +9 demon blade "Xupext"!!!
You kill the deep elf pyromancer!
Okawaru accepts your kill. The liquid fire burns you!
* * * LOW HITPOINT WARNING * * *
You feel sick.
The deep elf zephyrmancer points at you and mumbles some strange words.
The bolt of lightning hits you!
* * * LOW HITPOINT WARNING * * *
The bolt of lightning is repelled.
You hear a shout! x2 ๐Ÿ˜ฑ HP[-15]
You now have 126 max hp (+1).
You take 15 damage, and now have 19/126 hp.
Unknown command.
You slice the deep elf pyromancer with the +9 demon blade "Xupext"!!
You slice the deep elf pyromancer with your +8 double sword of holy wrath!!
You kill the deep elf pyromancer!
Okawaru accepts your kill. The liquid fire burns you!
* * * LOW HITPOINT WARNING * * *
You feel sick. ๐Ÿ˜ฑ HP[-6]
You take 6 damage, and now have 13/126 hp.
Unknown command.
You rampage towards the deep elf pyromancer!
You shake off some of the fire as you move. x2
The liquid fire burns you!
* * * LOW HITPOINT WARNING * * *
You feel sick.
An air elemental comes into view.
The deep elf pyromancer mumbles some strange words.
The deep elf zephyrmancer points at you and mumbles some strange words.
The bolt of lightning is repelled.
You hear a shout! ๐Ÿ˜ฑ HP[-2]
You take 2 damage, and now have 11/126 hp.
You slash the deep elf pyromancer with your +8 double sword of holy wrath!
You kill the deep elf pyromancer!
Okawaru accepts your kill.
The fire elemental disappears in a puff of smoke! x2
The liquid fire burns you!
* * * LOW HITPOINT WARNING * * *
You feel sick.
The air elemental fires a burst of electricity at you.
The stunning burst hits you but does no damage.
You suddenly lose the ability to move!
The liquid fire burns you!
* * * LOW HITPOINT WARNING * * *
You feel sick.
The air elemental hits you but does no damage.
The air elemental fires a burst of electricity at you.
The stunning burst hits you!
You die...

Skill      XL: |  1  2  3  4  5  6  7  8  9 10 11 12 13 14 15 16 |
---------------+-------------------------------------------------+-----
Dodging        | 3 4 5 6 8 9 10 11 13 14 16 17 | 17.1
Fighting       | 3 4 5 6 8 9 10 11 | 11.4
Long Blades    | 4 5 7 8 10 11 12 14 15 16 | 16.0
Evocations     | 6 10 | 10.0
Invocations    | 6 7 |  7.0
Armour         | 2 4 |  4.9
Throwing       | |  1.7

Action                     |  1- 3 |  4- 6 |  7- 9 | 10-12 | 13-15 | 16-18 || total
---------------------------+-------+-------+-------+-------+-------+-------++-------
  Melee: Long sword        |    40 |    85 |       |       |       |       ||   125
         Short sword       |    21 |    69 |       |       |       |       ||    90
         Double sword      |       |    22 |   134 |   254 |   508 |   116 ||  1034
         Scimitar          |       |     9 |   126 |   238 |   434 |       ||   807
         Unarmed           |       |       |       |       |     5 |       ||     5
         Demon blade       |       |       |       |       |   237 |   116 ||   353
 Invoke: Heroism           |       |       |       |       |     3 |     2 ||     5
         Finesse           |       |       |       |       |     1 |     1 ||     2
         Receive Weapon    |       |       |       |       |     1 |       ||     1
         Receive Armour    |       |       |       |       |     1 |       ||     1
  Evoke: Wand              |       |       |       |    32 |     3 |     4 ||    39
    Use: Scroll            |       |     9 |     7 |     8 |    11 |     3 ||    38
         Potion            |       |     3 |       |       |     3 |     1 ||     7
   Stab: Sleeping          |     2 |     6 |     4 |     2 |     3 |       ||    17
         Distracted        |       |       |       |     1 |       |       ||     1
         Petrified         |       |       |       |       |    12 |       ||    12
 Armour: Leather armour    |    27 |    68 |   112 |       |       |       ||   207
         Robe              |       |       |       |   186 |   153 |       ||   339
         Skin              |       |       |       |       |    17 |       ||    17
         Ice dragon scales |       |       |       |       |   128 |    55 ||   183
         Chain mail        |       |       |       |       |       |    57 ||    57
  Dodge: Dodged            |    23 |    62 |   170 |   295 |   755 |   257 ||  1562
         Repelled          |       |       |       |       |       |     2 ||     2

Levels and vault maps discovered:
D:1:      minmay_arrival_hallway, layout_loops_ring, minmay_tetromino_t2
D:2:      layout_loops_ring, minmay_increasing_density, uniq_jessica
D:3:      layout_rooms, serial_shops, nicolae_shop_just_a_little_nook,
          nicolae_shop_real_fake_doors, shop, shop, shop,
          hellmonk_ghost_happy_afterlife
D:4:      layout_rooms, vehumet_crystals, uniq_edmund, uniq_ijyb
D:5:      layout_gridville, gammafunk_temple_overflow_elements,
          ebering_ghost_sewer_f
D:6:      layout_loops_ring, minmay_temple_entry_offerings,
          gammafunk_ghost_hive, reono_crystal_passage,
          minmay_hollow_rounded_squares
D:7:      layout_basic, mainiacjoe_overflow_concentric_impassable,
          small_statue_alley_b, bh_walls_and_bars
D:8:      nicolae_moon_pools, layout_rooms, dk_yredelemnul_ordeal,
          kiku_gazebo_pond_becter, serial_bayou, serial_bayou_crossing,
          serial_bayou_ford_a, serial_bayou_pond_c, serial_bayou_lake_a,
          serial_bayou_pond_c, minmay_microvault
D:9:      layout_roguey, mainiacjoe_overflow_catwalk_spiral
D:10:     lemuel_ice_statue, layout_basic, marbit_many_paths, tso_metal_star,
          nicolae_overflow_crystal_walls, erik_lair_orcish_takeover, erik_orc_1,
          uniq_erica, uniq_nergalle
D:11:     layout_gridville, serial_shops, shop, nicolae_ru_the_path_less_chosen
D:12:     layout_basic, uniq_erolcha
D:13:     layout_basic, erik_vaults_2, minivault_19, minivault_7
D:14:     layout_loops_corners, serial_shops, bzr_firewalk, uniq_kirke
D:15:     gammafunk_depths_entry_grave, layout_gridville,
          ebering_ghost_reflecting_pool, grunt_decor_arrowhead, uniq_azrael,
          uniq_josephine
Temple:   jpeg_temple_clearing
Lair:1:   layout_roguey, gammafunk_ghost_hydra_chop, portal_ice_cave_entry_imps,
          grunt_forest_small_clearings, lemuel_fruit_fields
Lair:2:   layout_gridlike, basic_altar, minmay_stone_trees_small
Lair:3:   layout_roguey, elwin_shoals_entry_rocks, dummy_snake_entry
Lair:4:   layout_layer_cave, infiniplex_staircase_pool, uniq_sonja
Lair:5:   hangedman_lair_tendril_chambers, layout_long_grid,
          nicolae_slime_entry_slimehenge, special_room
          [special_room_mythical_zoo]
Orc:1:    layout_diamond_mine, basic_altar
Orc:2:    st_orc_rangers, layout_caves
Elf:1:    layout_loops_cross, minmay_elf_demonology, minmay_shop_star

Notes
Turn   | Place    | Note
-------+----------+-------------------------------------------
     0 | D:1      | ytrimaz the Coglin Gladiator began the quest for the Orb.
     0 | D:1      | Reached XP level 1. HP: 16/16 MP: 1/1
     0 | D:1      | magus.rc [v1.9.6]
   110 | D:1      | You pick up a book of Flames and begin reading...
   110 | D:1      | You add the spells Inner Flame, Sticky Flame and Flame Wave
                  | to your library.
   212 | D:1      | You pick up a book of Spatial Translocations and begin
                  | reading...
   212 | D:1      | You add the spells Blink, Momentum Strike and Lesser
                  | Beckoning to your library.
   608 | D:1      | Reached XP level 2. HP: 22/22 MP: 2/2
   678 | D:1      | Reached skill level 3 in Dodging
   793 | D:2      | Noticed Jessica
   800 | D:2      | Killed Jessica
   801 | D:2      | Reached XP level 3. HP: 23/28 MP: 3/3
   897 | D:2      | Reached XP level 4. HP: 28/34 MP: 4/4
  1003 | D:2      | Reached skill level 3 in Fighting
  1692 | D:3      | Found Vynaakyl's Weapon Shoppe.
  1704 | D:3      | Reached skill level 4 in Long Blades
  1708 | D:3      | HP: 8/35 [orc priest/+2 vampiric hand axe (1)]
  1710 | D:3      | Reached XP level 5. HP: 9/41 MP: 5/5
  1795 | D:3      | Found Babeidgh's Armour Emporium.
  1928 | D:3      | Reached skill level 4 in Dodging
  1928 | D:3      | Reached XP level 6. HP: 48/48 MP: 6/6
  1961 | D:3      | Found a runed translucent door.
  1963 | D:3      | Noticed timneilson's ghost (amateur OpSh)
  2149 | D:3      | Found Efiric's General Store.
  2157 | D:3      | Bought a scroll of identify for 26 gold pieces
  2158 | D:3      | Identified a scroll of acquirement
  2168 | D:3      | Found Gulaz's Antique Armour Boutique.
  2218 | D:3      | Found Jaosmad's Antique Weapon Shop.
  2311 | D:3      | Acquired a +4 double sword of holy wrath
  2389 | D:4      | Reached skill level 4 in Fighting
  2413 | D:4      | Found a radiant altar of Vehumet.
  2583 | D:4      | Noticed Edmund
  2595 | D:4      | Killed Edmund
  2596 | D:4      | Reached skill level 5 in Long Blades
  2596 | D:4      | Reached XP level 7. HP: 48/55 MP: 7/7
  2699 | D:4      | Noticed Ijyb
  2704 | D:4      | Killed Ijyb
  3027 | D:5      | Entered Level 5 of the Dungeon
  3060 | D:5      | Noticed cforsyth's ghost (novice DjFE)
  3061 | D:5      | Found a runed translucent door.
  3095 | D:5      | Reached skill level 5 in Fighting
  3143 | D:5      | Reached skill level 5 in Dodging
  3181 | D:5      | Found a shimmering blue altar of Sif Muna.
  3181 | D:5      | Found a stormy altar of Qazlal.
  3289 | D:5      | Found a runed translucent door.
  3450 | D:5      | Reached XP level 8. HP: 52/63 MP: 8/8
  3482 | D:5      | Reached skill level 6 in Long Blades
  3835 | D:5      | Reached skill level 6 in Fighting
  3848 | D:5      | Killed cforsyth's ghost
  3849 | D:5      | Reached skill level 7 in Long Blades
  3849 | D:5      | Reached skill level 6 in Dodging
  3907 | D:6      | Reached XP level 9. HP: 68/71 MP: 9/9
  3914 | D:6      | Reached skill level 7 in Fighting
  3965 | D:6      | Found a transporter.
  4009 | D:6      | Found a large runed translucent door.
  4009 | D:6      | Found a large runed translucent door.
  4015 | D:6      | Noticed a troll
  4073 | D:6      | Found a transporter.
  4077 | D:6      | Noticed a queen bee
  4080 | D:6      | Noticed Triskal's ghost (novice CoFi)
  4153 | D:6      | You pick up a book of Death and begin reading...
  4153 | D:6      | You add the spells Animate Dead, Haunt and Infestation to
                  | your library.
  4232 | D:6      | Found a staircase to the Ecumenical Temple.
  4243 | D:6      | You pick up a book of Frost and begin reading...
  4243 | D:6      | You add the spells Freeze, Frozen Ramparts and Hailstorm to
                  | your library.
  4249 | Temple   | Entered the Ecumenical Temple
  4367 | D:6      | Reached skill level 7 in Dodging
  4375 | D:6      | Reached skill level 8 in Long Blades
  4528 | D:6      | Reached skill level 8 in Fighting
  4590 | D:6      | Found a large runed translucent door.
  4590 | D:6      | Found a large runed translucent door.
  4641 | D:6      | Noticed a two-headed ogre
  4646 | D:6      | Killed a two-headed ogre
  4647 | D:6      | Reached skill level 8 in Dodging
  4647 | D:6      | Reached XP level 10. HP: 57/82 MP: 10/10
  4677 | D:6      | Identified the +1 robe of the Candlemaker {Slay+5}
  4759 | D:7      | Found a sparkling altar of Nemelex Xobeh.
  4765 | D:7      | Reached skill level 9 in Long Blades
  4771 | D:7      | You pick up a book of Unlife and begin reading...
  4771 | D:7      | You add the spells Borgnjor's Vile Clutch and Death Channel
                  | to your library.
  4930 | D:7      | Reached skill level 9 in Fighting
  5197 | D:8      | Found a runed translucent door.
  5212 | D:8      | Found a basalt altar of Yredelemnul.
  5362 | D:8      | HP: 20/80 [wight/+1 war axe (9)]
  5468 | D:8      | Noticed a catoblepas
  5469 | D:8      | Found an ancient bone altar of Kikubaaqudgha.
  5479 | D:8      | Killed a catoblepas
  5480 | D:8      | Reached skill level 9 in Dodging
  5718 | D:8      | Reached skill level 10 in Long Blades
  5718 | D:8      | Reached XP level 11. HP: 90/90 MP: 11/11
  6334 | D:9      | Reached skill level 10 in Fighting
  6575 | D:9      | You add the spells Vhi's Electric Charge, Arcjolt and
                  | Maxwell's Capacitive Coupling to your library.
  6620 | D:9      | Found an iron altar of Okawaru.
  6626 | D:9      | Found a glowing silver altar of Zin.
  6962 | D:10     | Entered Level 10 of the Dungeon
  6963 | D:10     | magus.rc [v1.9.6]
  7009 | D:10     | Reached skill level 1 in Evocations
  7058 | D:10     | HP: 22/88 [wolf (5)]
  7241 | D:10     | Found an ornate altar of the Wu Jian Council.
  7244 | D:10     | Reached skill level 2 in Evocations
  7299 | D:10     | Reached skill level 3 in Evocations
  7318 | D:10     | Noticed Nergalle
  7326 | D:10     | Killed Nergalle
  7336 | D:10     | Reached skill level 4 in Evocations
  7371 | D:10     | Reached skill level 10 in Dodging
  7526 | D:10     | Found a burning altar of Makhleb.
  7577 | D:10     | Reached skill level 11 in Long Blades
  7581 | D:10     | Reached skill level 5 in Evocations
  7586 | D:10     | Found a glowing golden altar of the Shining One.
  7641 | D:10     | Found a staircase to the Lair.
  7759 | D:10     | Noticed Erica
  7767 | D:10     | Killed Erica
  7781 | D:10     | Found a staircase to the Orcish Mines.
  8055 | D:11     | Found a sacrificial altar of Ru.
  8239 | D:11     | Noticed a boulder beetle
  8248 | D:11     | Killed a boulder beetle
  8249 | D:11     | Reached skill level 6 in Evocations
  8380 | D:11     | Noticed a two-headed ogre
  8385 | D:11     | Killed a two-headed ogre
  8386 | D:11     | Reached XP level 12. HP: 97/97 MP: 12/12
  8474 | D:11     | Found Hioleacs's Book Shoppe.
  8821 | D:12     | Reached skill level 7 in Evocations
  8908 | D:12     | You pick up a book of Geomancy and begin reading...
  8908 | D:12     | You add the spells Sandblast, Passwall, Stone Arrow and
                  | Brom's Barrelling Boulder to your library.
  9163 | D:12     | Noticed Erolcha
  9166 | D:12     | You are cast into the Abyss!
  9166 | Abyss:1  | Cast into level 1 of the Abyss (Erolcha)
  9321 | Abyss:1  | Noticed a thrashing horror
  9449 | Abyss:1  | Reached skill level 12 in Long Blades
  9449 | Abyss:1  | Reached skill level 11 in Dodging
  9449 | Abyss:1  | Reached skill level 8 in Evocations
  9459 | D:12     | You pass through the gate.
  9459 | D:12     | Escaped the Abyss
  9462 | D:12     | Killed Erolcha
  9576 | D:13     | Noticed a centaur warrior
  9582 | D:13     | Noticed a vault guard
  9586 | D:13     | Killed a centaur warrior
  9657 | D:13     | Killed a vault guard
  9658 | D:13     | Reached skill level 9 in Evocations
  9799 | D:9      | Became a worshipper of Warmaster Okawaru
  9911 | D:13     | Noticed a vault guard
  9915 | D:13     | Noticed a vault guard
  9921 | D:13     | Killed a vault guard
  9931 | D:13     | Killed a vault guard
  9931 | D:13     | Reached * piety under Okawaru
  9970 | D:13     | Noticed a vault guard
  9976 | D:13     | Noticed a vault guard
  9980 | D:13     | Killed a vault guard
  9985 | D:13     | Killed a vault guard
  9985 | D:13     | Reached ** piety under Okawaru
  9986 | D:13     | Reached skill level 10 in Evocations
 10035 | D:13     | Noticed a four-headed hydra
 10043 | D:13     | Killed a three-headed hydra
 10044 | D:13     | Reached XP level 13. HP: 69/103 MP: 13/13
 10102 | D:13     | HP: 19/103 [white ugly thing (29)]
 10106 | D:13     | Reached skill level 13 in Long Blades
 10276 | D:13     | Found a gate to the Vaults.
 10289 | D:13     | Noticed a vault guard
 10310 | D:13     | Killed a vault guard
 10310 | D:13     | Reached *** piety under Okawaru
 10311 | D:13     | Reached skill level 12 in Dodging
 10327 | D:13     | Noticed a vault guard
 10342 | D:13     | Killed a vault guard
 10419 | D:13     | Noticed a vault guard
 10425 | D:13     | Killed a vault guard
 10749 | D:13     | Reached **** piety under Okawaru
 11124 | D:14     | Reached ***** piety under Okawaru
 11136 | D:14     | Reached skill level 14 in Long Blades
 11180 | D:14     | Found a flickering gateway to a bazaar.
 11189 | Bazaar   | Entered a bazaar
 11205 | Bazaar   | Found Beasmu's Weapon Emporium.
 11206 | Bazaar   | Found Woixt's Distillery.
 11249 | Bazaar   | Found Alutraigg's Magic Scroll Shoppe.
 11249 | Bazaar   | Found Zoisikh's Magic Scroll Shoppe.
 11285 | Bazaar   | Bought a scroll of acquirement for 468 gold pieces
 11285 | Bazaar   | Bought a scroll of enchant armour for 67 gold pieces
 11285 | Bazaar   | Bought a scroll of enchant weapon for 67 gold pieces
 11297 | Bazaar   | Bought a scroll of fog for 44 gold pieces
 11322 | Bazaar   | Bought a potion of mutation for 56 gold pieces
 11322 | Bazaar   | Bought a potion of resistance for 70 gold pieces
 11322 | Bazaar   | Bought a potion of resistance for 70 gold pieces
 11322 | Bazaar   | Bought a potion of haste for 70 gold pieces
 11323 | Bazaar   | Acquired the +4 hat of Limited Liability {rF+ Dex+3}
 11395 | D:14     | Reached skill level 13 in Dodging
 11476 | D:14     | Noticed Kirke
 11483 | D:14     | Received a gift from Okawaru
 11498 | D:14     | Noticed a sphinx
 11501 | D:14     | HP: 19/103 [hog[Kirke] (12)]
 11519 | D:15     | Entered Level 15 of the Dungeon
 11565 | D:14     | Killed Kirke
 11741 | D:14     | HP: 21/103 [manticore (5)]
 11746 | D:14     | HP: 17/103 [slime creature (3)]
 11888 | D:14     | Noticed a rakshasa
 11897 | D:14     | Killed a rakshasa
 12013 | D:14     | Reached XP level 14. HP: 103/110 MP: 14/14
 12025 | D:14     | You pick up a book of Iron and begin reading...
 12330 | D:15     | Noticed Josephine
 12342 | D:15     | Killed Josephine
 12343 | D:15     | Reached skill level 1 in Invocations
 12363 | D:15     | Reached skill level 15 in Long Blades
 12363 | D:15     | Reached skill level 2 in Invocations
 12426 | D:14     | Received a gift from Okawaru
 12466 | D:15     | Found a runed translucent door.
 12533 | D:15     | Reached skill level 3 in Invocations
 12629 | D:15     | Noticed Azrael
 12644 | D:15     | Killed Azrael
 12645 | D:15     | Reached skill level 14 in Dodging
 12765 | D:15     | Found a staircase to the Depths.
 12783 | D:15     | Reached skill level 4 in Invocations
 12786 | D:15     | HP: 23/110 [rakshasa/lance of force (34)]
 12804 | D:15     | HP: 14/110 [arcanist/bolt of cold (24)]
 12816 | D:15     | HP: 27/110 [rakshasa (illusionary)/+0 trident (2)]
 12950 | D:15     | Received a gift from Okawaru
 13222 | D:15     | Noticed Licat's ghost (journeyman DEHW)
 13337 | Lair:1   | Entered Level 1 of the Lair of Beasts
 13432 | Lair:1   | Reached skill level 5 in Invocations
 13729 | Lair:1   | Received a gift from Okawaru
 13788 | Lair:1   | Found a runed translucent gate.
 13788 | Lair:1   | Found a runed translucent gate.
 13789 | Lair:1   | Found a runed translucent gate.
 13789 | Lair:1   | Noticed Hsik's ghost (journeyman CoCK)
 13938 | Lair:1   | Found a frozen archway.
 13959 | IceCv    | Entered an ice cave
 14024 | IceCv    | Reached skill level 6 in Invocations
 14285 | IceCv    | Reached XP level 15. HP: 115/115 MP: 19/19
 14308 | IceCv    | Reached ****** piety under Okawaru
 14317 | IceCv    | Acquired the +9 demon blade "Xupext" {drain, Dex+2}
 14317 | IceCv    | Received a gift from Okawaru
 14318 | IceCv    | Acquired a +2 pair of gloves of dexterity
 14318 | IceCv    | Received a gift from Okawaru
 14380 | IceCv    | Found a viscous altar of Jiyva.
 14380 | IceCv    | Noticed an azure jelly
 14389 | IceCv    | Killed an azure jelly
 14420 | IceCv    | Got the ring of Dimma {rC+ rN+ Will+}
 14815 | Lair:2   | Reached skill level 7 in Invocations
 14815 | Lair:2   | Received a gift from Okawaru
 14854 | Lair:2   | Reached skill level 16 in Long Blades
 15097 | Lair:2   | Found a glowing golden altar of the Shining One.
 15430 | Lair:3   | Found a staircase to the Shoals.
 15477 | Lair:3   | Reached skill level 15 in Dodging
 15517 | Lair:3   | Found a staircase to the Snake Pit.
 15523 | Lair:3   | Identified the +6 sling of Bright Fortitude {speed, Will+
                  | Str-3 Dex+4}
 16065 | Lair:4   | Noticed Sonja
 16069 | Lair:4   | Killed Sonja
 16226 | Lair:4   | Received a gift from Okawaru
 16948 | Lair:5   | Entered Level 5 of the Lair of Beasts
 16970 | Lair:5   | Found a viscous altar of Jiyva.
 16970 | Lair:5   | Found a staircase to the Slime Pits.
 16982 | Lair:5   | Identified the +0 quarterstaff of Precise Incision {vamp,
                  | rElec Will+ Str+4 Int+3}
 16987 | Lair:5   | Reached skill level 16 in Dodging
 17068 | Lair:5   | Received a gift from Okawaru
 17212 | Lair:5   | Reached skill level 1 in Armour
 17388 | Lair:5   | Reached skill level 2 in Armour
 17499 | Lair:5   | Reached XP level 16. HP: 117/123 MP: 21/21
 17852 | Lair:5   | Reached skill level 3 in Armour
 18054 | Orc:1    | Entered Level 1 of the Orcish Mines
 18070 | Orc:1    | Found a radiant altar of Vehumet.
 18189 | Orc:2    | Entered Level 2 of the Orcish Mines
 18221 | Orc:2    | Received a gift from Okawaru
 18342 | Orc:2    | Reached skill level 11 in Fighting
 18357 | Orc:2    | Reached skill level 4 in Armour
 18726 | Orc:2    | Reached skill level 17 in Dodging
 18843 | Orc:2    | Found a staircase to the Elven Halls.
 18958 | Orc:2    | Found Plog's Armour Boutique.
 18958 | Orc:2    | Found Tutz's Distillery.
 18960 | Orc:2    | Found Kulufrimm's Armour Emporium.
 18962 | Orc:2    | Found Cibluhen's Armour Shop.
 19090 | Orc:2    | Bought the +8 chain mail of Honesty {rPois Dex-3 Stlth+}
                  | for 730 gold pieces
 19142 | Elf:1    | Entered Level 1 of the Elven Halls
 19757 | Elf:1    | Noticed a Tzitzimitl
 19760 | Elf:1    | Noticed a Tzitzimitl
 19761 | Elf:1    | HP: 31/125 [poisoned by a +1 glaive of venom]
 19765 | Elf:1    | Received a gift from Okawaru
 19769 | Elf:1    | HP: 31/125 [burnt (3)]
 19770 | Elf:1    | HP: 14/126 [burnt (5)]
 19772 | Elf:1    | HP: 6/126 [poisoned by a +1 glaive of venom]
 19772 | Elf:1    | Paralysed by an air elemental for 1 turns
 19773 | Elf:1    | HP: 1/126 [burnt (5)]
 19773 | Elf:1    | Killed from afar by an air elemental

Vanquished Creatures
  Kirke (D:14)
  An azure jelly (IceCv)
  2 quicksilver oozes (IceCv)
  A deep elf demonologist (Elf:1)
  Azrael (D:15)
  Josephine (D:15)
  2 rakshasas
  Erolcha (D:12)
  8 vault guards (D:13)
  3 catoblepae
  A hydra (D:13)
  5 centaur warriors
  A sphinx zombie (D:15)
  A boulder beetle (D:11)
  A vampire mage (D:15)
  Erica (D:10)
  7 two-headed ogres
  A dancing weapon (Elf:1)
  3 death yaks (Lair:5)
  2 orc high priests (Orc:2)
  Sonja (Lair:4)
  Nergalle (D:10)
  2 deep elf knights (Elf:1)
  A skyshark (Lair:3)
  2 skeletal warriors (D:15)
  A glowing orange brain (Abyss:1)
  A spark wasp zombie (D:15)
  A shadow demon (Abyss:1)
  2 deep elf archers (Elf:1)
  An arcanist (D:15)
  3 orc knights
  A necromancer (D:15)
  3 lindwurms
  The ghost of cforsyth the Trooper, a novice DjFE (D:5)
  7 deep elf pyromancers
  9 ugly things
  5 manticores
  2 orc sorcerers (Orc:2)
  3 cyclopes
  An oklob plant (Lair:3)
  A deep elf zephyrmancer (Elf:1)
  A wolf spider (Lair:5)
  A large abomination (Abyss:1)
  8 black mambas
  6 meliai
  3 ice statues (IceCv)
  5 kobold blastminers (Orc:2)
  A guardian serpent (Lair:5)
  11 elephants
  A smoke demon (Abyss:1)
  A gargoyle (D:12)
  8 cane toads
  A torpor snail (Lair:1)
  An efreet (D:15)
  8 rime drakes
  A kobold demonologist (D:13)
  8 komodo dragons
  An ancient zyme (Abyss:1)
  4 polar bears
  A queen bee (D:13)
  3 hornets (Lair:5)
  A queen bee (shapeshifter) (D:15)
  7 trolls
  7 blink frogs
  4 dream sheep (Lair:4)
  A spriggan zombie (D:15)
  26 slime creatures
  45 yaks
  2 shadows (D:12)
  23 wyverns
  8 wraiths
  5 wargs
  A human (D:14)
  2 fire elementals
  5 hogs
  A neqoxec (Abyss:1)
  2 steam dragons
  4 vampire mosquitoes (D:14)
  8 basilisks
  3 redbacks (Lair:5)
  Edmund (D:4)
  2 great orb of eyes simulacra (IceCv)
  22 water moccasins
  4 hell hounds (D:15)
  2 acid dragons
  29 orc warriors
  A swamp drake (D:10)
  4 black bears
  An ice beast (D:6)
  4 ogres
  15 wolves
  19 centaurs
  A slime creature simulacrum (IceCv)
  2 kobold brigands
  2 phantoms
  13 bullfrogs
  3 glowing shapeshifter simulacra (IceCv)
  4 scorpions
  8 wights
  14 killer bees (D:13)
  13 electric eels
  3 howler monkeys
  2 lava snakes (D:13)
  2 bombardier beetles
  An iron imp (Abyss:1)
  4 hounds
  8 jellies
  A quasit (Abyss:1)
  2 gnoll boudas
  14 orc priests
  Jessica (D:2)
  2 iguanas
  2 sleepcaps (D:6)
  Ijyb (D:4)
  16 orc wizards
  14 hell rats
  A human skeleton (D:8)
  5 shapeshifter simulacra (IceCv)
  9 gnolls
  12 adders
  3 shadow imps
  13 white imps
  6 ufetubi
  6 dart slugs
  3 ribbon worms
  60 orcs
  3 ball pythons
  13 endoplasms
  4 giant cockroaches
  3 goblins
  6 hobgoblins
  3 quokkas
  2 bats
  6 frilled lizards
  14 kobolds
  2 rats
  A butterfly (Lair:1)
734 creatures vanquished.

Vanquished Creatures (others)
  A rime drake (Lair:5)
  A centaur (Orc:2)
  An orc wizard (Orc:2)
3 creatures vanquished.

Grand Total: 737 creatures vanquished

Table legend:
 A = Non-vault XP
 B = Vault XP
 C = Vault XP percentage of total XP
 D = Non-vault monster count
 E = Vault monster count
 F = Vault count percentage of total count
                 A         B        C        D         E       F
            +---------+---------+-------+---------+---------+-------
      Total |   94393 |   61115 |  39.3 |     470 |     265 |  36.1
            +---------+---------+-------+---------+---------+-------
        D:1 |      19 |       2 |   9.5 |       8 |       1 |  11.1
        D:2 |      72 |      65 |  47.4 |      12 |      10 |  45.5
        D:3 |     204 |       0 |   0.0 |      22 |       0 |   0.0
        D:4 |     277 |     196 |  41.4 |      16 |       2 |  11.1
        D:5 |     801 |     711 |  47.0 |      24 |       5 |  17.2
        D:6 |    1615 |    1606 |  49.9 |      20 |      11 |  35.5
        D:7 |    1171 |       0 |   0.0 |      26 |       0 |   0.0
        D:8 |    2010 |     905 |  31.0 |      37 |       2 |   5.1
        D:9 |     558 |       0 |   0.0 |       6 |       0 |   0.0
       D:10 |    3812 |    2852 |  42.8 |      29 |      30 |  50.8
       D:11 |    2015 |       0 |   0.0 |       4 |       0 |   0.0
       D:12 |    2233 |     889 |  28.5 |      11 |       1 |   8.3
       D:13 |    6307 |    9599 |  60.3 |      16 |      26 |  61.9
       D:14 |   13984 |    2221 |  13.7 |      35 |       5 |  12.5
       D:15 |    7124 |    8692 |  55.0 |      17 |      20 |  54.1
     Lair:1 |    9317 |     134 |   1.4 |      43 |      12 |  21.8
     Lair:2 |    3564 |       0 |   0.0 |      15 |       0 |   0.0
     Lair:3 |    5767 |       0 |   0.0 |      22 |       0 |   0.0
     Lair:4 |    6855 |     786 |  10.3 |      29 |       1 |   3.3
     Lair:5 |    9952 |   14840 |  59.9 |      24 |      68 |  73.9
      Orc:1 |     701 |     244 |  25.8 |      10 |       2 |  16.7
      Orc:2 |    7218 |    5195 |  41.9 |      24 |      33 |  57.9
      Elf:1 |    5327 |    2506 |  32.0 |       8 |       5 |  38.5
    Abyss:1 |    3036 |       0 |   0.0 |      10 |       0 |   0.0
      IceCv |     454 |    9672 |  95.5 |       2 |      31 |  93.9
            +---------+---------+-------+---------+---------+-------

Skill      XL: |  1  2  3  4  5  6  7  8  9 10 11 12 13 14 15 16 |
---------------+-------------------------------------------------+-----
Dodging        | 3 4 5 6 8 9 10 11 13 14 16 17 | 17.1
Fighting       | 3 4 5 6 8 9 10 11 | 11.4
Long Blades    | 4 5 7 8 10 11 12 14 15 16 | 16.0
Evocations     | 6 10 | 10.0
Invocations    | 6 7 |  7.0
Armour         | 2 4 |  4.9
Throwing       | |  1.7

Action                     |  1- 3 |  4- 6 |  7- 9 | 10-12 | 13-15 | 16-18 || total
---------------------------+-------+-------+-------+-------+-------+-------++-------
  Melee: Long sword        |    40 |    85 |       |       |       |       ||   125
         Short sword       |    21 |    69 |       |       |       |       ||    90
         Double sword      |       |    22 |   134 |   254 |   508 |   116 ||  1034
         Scimitar          |       |     9 |   126 |   238 |   434 |       ||   807
         Unarmed           |       |       |       |       |     5 |       ||     5
         Demon blade       |       |       |       |       |   237 |   116 ||   353
 Invoke: Heroism           |       |       |       |       |     3 |     2 ||     5
         Finesse           |       |       |       |       |     1 |     1 ||     2
         Receive Weapon    |       |       |       |       |     1 |       ||     1
         Receive Armour    |       |       |       |       |     1 |       ||     1
  Evoke: Wand              |       |       |       |    32 |     3 |     4 ||    39
    Use: Scroll            |       |     9 |     7 |     8 |    11 |     3 ||    38
         Potion            |       |     3 |       |       |     3 |     1 ||     7
   Stab: Sleeping          |     2 |     6 |     4 |     2 |     3 |       ||    17
         Distracted        |       |       |       |     1 |       |       ||     1
         Petrified         |       |       |       |       |    12 |       ||    12
 Armour: Leather armour    |    27 |    68 |   112 |       |       |       ||   207
         Robe              |       |       |       |   186 |   153 |       ||   339
         Skin              |       |       |       |       |    17 |       ||    17
         Ice dragon scales |       |       |       |       |   128 |    55 ||   183
         Chain mail        |       |       |       |       |       |    57 ||    57
  Dodge: Dodged            |    23 |    62 |   170 |   295 |   755 |   257 ||  1562
         Repelled          |       |       |       |       |       |     2 ||     2

Illustrated notes

Table legend:
 A = Kills in this place as a percentage of kills in the entire game.
 B = Kills by you in this place as a percentage of kills by you in the entire game.
 C = Kills by friends in this place as a percentage of kills by friends in the entire game.
 D = Other kills in this place as a percentage of other kills in the entire game.
 E = Experience gained in this place as a percentage of experience gained in the entire game.
 F = Experience gained in this place divided by the number of levels of this place that you have seen.
                   A       B       C       D       E      F
               +-------+-------+-------+-------+-------+----------------------
         Total | 100.0 | 100.0 |   N/A | 100.0 | 100.0 | 5759.6
       Dungeon |  53.9 |  54.1 |   N/A |   0.0 |  45.0 | 4662.7
          Lair |  29.1 |  29.1 |   N/A |  33.3 |  32.9 | 10243.0
  Orcish Mines |   9.4 |   9.2 |   N/A |  66.7 |   8.6 | 6679.0
   Elven Halls |   1.8 |   1.8 |   N/A |   0.0 |   5.0 | 7833.0
         Abyss |   1.4 |   1.4 |   N/A |   0.0 |   2.0 | 3036.0
      Ice Cave |   4.5 |   4.5 |   N/A |   0.0 |   6.5 | 10126.0
               +-------+-------+-------+-------+-------+----------------------

Table legend: (Time is in decaauts)
 A = Elapsed time spent in this place.
 B = Non-inter-level travel time spent in this place.
 C = Inter-level travel time spent in this place.
 D = Time resting spent in this place.
 E = Time spent auto-exploring this place.
 F = Levels seen in this place.
 G = Mean time per level.
                   A        B        C        D        E       F      G
               +--------+--------+--------+--------+--------+-----+--------+
         Total |  20593 |  19050 |   1543 |    755 |  13942 |  27 |  762.7 |
       Dungeon |  14055 |  12872 |   1183 |    377 |   9679 |  15 |  937.0 |
        Temple |      1 |      1 |      0 |      0 |      0 |   1 |    1.0 |
          Lair |   4173 |   3956 |    217 |      0 |   3171 |   5 |  834.6 |
  Orcish Mines |   1162 |   1020 |    142 |    165 |    665 |   2 |  581.0 |
   Elven Halls |    172 |    171 |      1 |      0 |     95 |   1 |  172.0 |
         Abyss |    306 |    306 |      0 |    112 |    109 |   1 |  306.0 |
        Bazaar |    175 |    175 |      0 |      0 |     80 |   1 |  175.0 |
      Ice Cave |    547 |    547 |      0 |    100 |    143 |   1 |  547.0 |
               +--------+--------+--------+--------+--------+-----+--------+

Top non-repeatable levels by time:
    D:14: 1322 daAuts
     D:8: 1208 daAuts
    D:10: 1191 daAuts
    D:13: 1175 daAuts
  Lair:4: 1110 daAuts
    D:11: 1084 daAuts
    D:15: 1033 daAuts
  Lair:5: 948 daAuts
     D:5: 926 daAuts
     D:6: 925 daAuts
     D:2: 892 daAuts
  Lair:1: 871 daAuts
     D:9: 830 daAuts
     D:1: 814 daAuts
     D:3: 775 daAuts
